 Dungeon Crawl Stone Soup version 0.26-a0-491-g70697cc071 (webtiles) character file.

Game seed: 17741766337811241022

4 MrRokkomies the Skirmisher (level 1, -2/19 HPs)
             Began as a Palentonga Abyssal Knight on Aug 5, 2020.
             Was an Initiate of Lugonu.
             Slain by a gnoll
             ... wielding a +0 flail
              (11 damage)
             ... on level 1 of the Dungeon.
             The game lasted 00:00:48 (232 turns).

MrRokkomies the Skirmisher (PaAK)                    Turns: 232, Time: 00:00:49

Health: -2/19      AC:  4    Str: 15    XL:     1   Next: 50%
Magic:  2/2        EV:  9    Int: 12    God:    Lugonu [......]
Gold:   7          SH:  0    Dex:  9    Spells: 0/0 levels left

rFire    . . .     SeeInvis +   a - +1 mace
rCold    . . .     Faith    .   (no shield)
rNeg     . . .     Spirit   .   b - +0 leather armour
rPois    .         Reflect  .   (no helmet)
rElec    .         Harm     .   (no cloak)
rCorr    .                      (no gloves)
MR       .....                  (boots restricted)
Stlth    +.........             (no amulet)
HPRegen  0.06/turn              (no ring)
MPRegen  0.08/turn              (no ring)

@: no status effects
A: large, rugged brown scales 3, see invisible, deformed body, roll, armoured
tail
a: Rolling Charge, Renounce Religion


You were on level 1 of the Dungeon.
You worshipped Lugonu.
Lugonu was noncommittal.
You visited 1 branch of the dungeon, and saw 1 of its levels.
You visited the Abyss 1 time.

You collected 7 gold pieces.

Inventory:

Hand Weapons
 a - a +1 mace (weapon)
Armour
 b - a +0 leather armour (worn)
Scrolls
 d - a scroll of identify {unknown}
Potions
 c - a potion of might {unknown}


   Skills:
 + Level 3.0 Fighting
 * Level 2.1 Maces & Flails
 - Level 1.5 Armour
 + Level 0.8 Dodging
 * Level 2.1 Invocations


You couldn't memorise any spells.
You didn't know any spells.
Your spell library was empty.

Dungeon Overview and Level Annotations

Branches:
Dungeon (1/15)

Altars:


Innate Abilities, Weirdness & Mutations

You are completely covered in rugged brown scales. (AC +3, +7% HP)
You have supernaturally acute eyesight. (SInv)
Armour fits poorly on your strangely shaped body.
You can roll at foes to attack.
You have a long armoured tail.


Message History

You barely miss the bat. The bat barely misses you.
The kobold throws a stone.
The stone hits you but does no damage. The bat hits you but does no damage.
The bat hits you but does no damage. The gnoll hits you with a +0 flail!
You are too injured to fight recklessly!
You are too injured to fight recklessly!
The bat barely misses you. The bat completely misses you.
You see here 2 stones.
The bat closely misses you.
There is an open door here.
The bat closely misses you. The bat hits you.
The bat hits you but does no damage. The bat misses you.
The bat barely misses you.
You see here a hobgoblin corpse.
You closely miss the bat. The bat hits you but does no damage.
The gnoll hits you with a +0 flail!
Ouch! That really hurt!
You die...

≈≈≈≈≈≈≈≈≈≈≈≈#..
#..........
≈≈≈≈≈≈≈≈≈≈≈≈#.. ###....(.#
≈≈≈≈≈≈≈≈≈≈≈≈#.. #.......?#
............#.. #.#......#
8.⌠⌠⌠>⌠⌠⌠.8.#..##.'(.....#
............#..b..#(.....#
#'###+###+###..†K##......#
#.# #.##.[# #..#g#########
#.###.##.####..#@#
#...........##>#.#
###########.##...#
#.##.### #....# #.#### ###


You could see a gnoll, a bat and a kobold.

Vanquished Creatures
  A hobgoblin (D:1)
  A bat (D:1)
  3 frilled lizards (D:1)
5 creatures vanquished.

Notes
Turn   | Place    | Note
-------+----------+-------------------------------------------
     0 | Abyss:1  | MrRokkomies the Palentonga Abyssal Knight began the quest
                  | for the Orb.
     0 | Abyss:1  | Reached XP level 1. HP: 19/19 MP: 2/2
    55 | Abyss:1  | Noticed a large abomination
    70 | D:1      | Escaped the Abyss
   232 | D:1      | Slain by a gnoll

Illustrated notes

Levels and vault maps discovered:
D:1:      zaba_arrival_water, layout_basic, solitary_fountain

Action                   || total
-------------------------++-------
Melee: Mace              ||    17
Invok: Depart the Abyss  ||     1
Armor: Leather armour    ||    19
Dodge: Dodged            ||    14

Table legend: (Time is in decaauts)
 A = Elapsed time spent in this place.
 B = Non-inter-level travel time spent in this place.
 C = Inter-level travel time spent in this place.
 D = Time resting spent in this place.
 E = Time spent auto-exploring this place.
 F = Levels seen in this place.
 G = Mean time per level.
                   A        B        C        D        E       F      G
               +--------+--------+--------+--------+--------+-----+--------+
         Total |    243 |    243 |      0 |      0 |    182 |   2 |  121.5 |
       Dungeon |    173 |    173 |      0 |      0 |    128 |   1 |  173.0 |
         Abyss |     70 |     70 |      0 |      0 |     54 |   1 |   70.0 |
               +--------+--------+--------+--------+--------+-----+--------+

Top non-repeatable levels by time:
     D:1: 173 daAuts
 Abyss:1: 70 daAuts
